 Dungeon Crawl Stone Soup version 0.21.0 (webtiles) character file.

96 HungrySpirit the Ducker (level 4, 0/26 HPs)
             Began as a Deep Elf Artificer on Jan 8, 2018.
             Slain by a worm (7 damage)
             ... on level 3 of the Dungeon.
             The game lasted 00:04:00 (2373 turns).

HungrySpirit the Ducker (Deep Elf Artificer)        Turns: 2373, Time: 00:04:00

Health: 0/26       AC:  2    Str:  9    XL:     4   Next: 41%
Magic:  8/8        EV: 14    Int: 17    God:
Gold:   174        SH:  0    Dex: 15    Spells: 3/3 levels left

rFire    . . .     SeeInvis .   t - +4 spear
rCold    . . .     Gourm    .   (no shield)
rNeg     . . .     Faith    .   u - +0 robe (curse)
rPois    .         Spirit   .   (no helmet)
rElec    .         Reflect  .   (no cloak)
rCorr    .         Harm     .   (no gloves)
MR       .....                  (no boots)
Stlth    ++........             (no amulet)
HPRegen  0.08/turn              (no ring)
MPRegen  0.11/turn              (no ring)

@: no status effects
A: no striking features
a: no special abilities


You were on level 3 of the Dungeon.
You were hungry.

You visited 1 branch of the dungeon, and saw 3 of its levels.

You collected 174 gold pieces.

Inventory:

Hand Weapons
 a - a +0 short sword
 t - a +4 spear (weapon)
Armour
 u - a cursed +0 robe (worn)
Jewellery
 s - an uncursed ring of see invisible {unknown}
Wands
 d - a wand of enslavement (15)
 e - a wand of random effects (5)
Scrolls
 b - a scroll of magic mapping {unknown}
 g - 2 scrolls of immolation {unknown}
 j - 2 scrolls of blinking {unknown}
 n - a scroll of teleportation {unknown}
 o - a scroll of amnesia {unknown}
 q - a scroll of remove curse {unknown}
 r - a scroll of identify {unknown}
 v - a scroll of enchant weapon {unknown}
 y - a scroll of enchant armour {unknown}
Potions
 h - a potion of heal wounds {unknown}
 i - a potion of curing {unknown}
 k - a potion of brilliance {unknown}
 l - a potion of flight {unknown}
 m - a potion of invisibility {unknown}
 w - 2 potions of cancellation {unknown}
 x - a potion of magic {unknown}
Comestibles
 f - 3 rations


   Skills:
 + Level 1.7 Fighting
 * Level 3.1 Short Blades
 + Level 3.5 Dodging
 - Level 1.2 Stealth
 - Level 3.2 Evocations


You had 3 spell levels left.
You didn't know any spells.

Dungeon Overview and Level Annotations

Branches:
Dungeon (3/15)

Altars:
Dithmenos

Annotations:
D:3 Ghouzt's ghost, weakling DsBe


Message History

The jackal barks! x2
You hit the worm.
The worm is heavily wounded.
You hit the worm.
The worm is severely wounded.
The worm bites you!
You hit the worm.
The worm is severely wounded.
The worm bites you.
You are too injured to fight recklessly!
You hit the worm.
The worm is almost dead.
You barely miss the worm.
The worm is almost dead.
The worm bites you.
* * * LOW HITPOINT WARNING * * *
You barely miss the worm.
The worm is almost dead.
The worm bites you!
You die...

#########
#.......#######
#<#####..?..%.$
#.##...<.......
#.##.#########.
###..#.## #
.........# ...
#####.#..###.....
#>#..@whh.#
#....####.##
#$..... #......
#.#.### #.#. . #.


You could see a worm and 2 jackals.

Vanquished Creatures
  4 adders (D:2)
  2 dart slugs (D:2)
  3 leopard geckos (D:2)
  4 giant cockroaches (D:2)
  8 goblins
  6 hobgoblins
  2 jackals
  6 kobolds
  A ball python (D:2)
  9 bats
  3 rats
48 creatures vanquished.

Vanquished Creatures (others)
  A kobold (D:1)
1 creature vanquished.

Grand Total: 49 creatures vanquished

Notes
Turn   | Place    | Note
-------+----------+-------------------------------------------
     0 | D:1      | HungrySpirit the Deep Elf Artificer began the quest for the Orb.
     0 | D:1      | Reached XP level 1. HP: 11/11 MP: 5/5
     0 | D:1      | Noticed an octopode
     0 | D:1      | Noticed a human
     0 | D:1      | Noticed a vine stalker
     1 | D:1      | Noticed a draconian
     3 | D:1      | Noticed a dwarf
     3 | D:1      | Noticed a draconian
     5 | D:1      | Noticed a human
     6 | D:1      | Noticed an elf
     7 | D:1      | Noticed an octopode
     8 | D:1      | Noticed a formicid
    10 | D:1      | Noticed an ogre
    10 | D:1      | Noticed a vampire
    14 | D:1      | Noticed a gargoyle
    14 | D:1      | Noticed a naga
    16 | D:1      | Noticed a naga
    16 | D:1      | Noticed a troll
    16 | D:1      | Noticed a gargoyle
    18 | D:1      | Noticed a vine stalker
   333 | D:1      | Reached skill level 1 in Fighting
   349 | D:1      | Reached XP level 2. HP: 16/16 MP: 6/6
  1290 | D:2      | Reached XP level 3. HP: 16/20 MP: 7/7
  1394 | D:2      | Found a shadowy altar of Dithmenos.
  1687 | D:2      | Reached XP level 4. HP: 14/25 MP: 8/8
  2200 | D:3      | Noticed Ghouzt's ghost (weakling DsBe)
  2373 | D:3      | Slain by a worm

Skill      XL: |  1  2  3  4 |
---------------+-------------+-----
Fighting       | 1 |  1.7
Short Blades   | 2 3 |  3.1
Dodging        | 3 |  3.5
Stealth        | |  1.2
Evocations     | |  3.2

Action                   |  1- 3 |  4- 6 || total
-------------------------+-------+-------++-------
Melee: Short sword       |    90 |       ||    90
       Spear             |    27 |    29 ||    56
Evoke: Wand              |    11 |    14 ||    25
 Stab: Sleeping          |     2 |     1 ||     3
  Eat: Chunk             |     3 |     1 ||     4
Armor: Leather armour    |    34 |       ||    34
       Robe              |     2 |     3 ||     5
Dodge: Dodged            |   111 |    18 ||   129
